 Dungeon Crawl Stone Soup version 0.28-a0-317-g21599a725c (webtiles) character file.

Game seed: 12879536646550160833

42 AarnesTheHuman the Chiller (level 3, -2/26 HPs)
             Began as a Barachi Ice Elementalist on Sept 1, 2021.
             Splashed by a jelly's acid (11 damage)
             ... on level 2 of the Dungeon.
             The game lasted 00:01:52 (1738 turns).

AarnesTheHuman the Chiller (BaIE)                   Turns: 1738, Time: 00:01:52

Health: -2/26      AC: -2    Str:  9    XL:     3   Next: 56%
Magic:  4/7        EV: 12    Int: 16    God:
Gold:   122        SH:  0    Dex: 12    Spells: 6/7 levels left

rFire   . . .      SeeInvis .   d - +0 whip (pain)
rCold   . . .      Faith    .   (no shield)
rNeg    . . .      Spirit   .   a - +0 robe
rPois   .          Reflect  .   (no helmet)
rElec   .          Harm     .   (no cloak)
rCorr   .          Rampage  .   (no gloves)
Will    .....                   (no boots)
Stlth   ++........              (no amulet)
HPRegen 0.08/turn               (no ring)
MPRegen 0.10/turn               (no ring)

@: corroded, slow
A: amphibious, slowness 1, strong legs 1, +LOS
a: Hop


You were on level 2 of the Dungeon.
You visited 1 branch of the dungeon, and saw 2 of its levels.

You collected 122 gold pieces.

Inventory:

Hand Weapons
 d - a +0 whip of pain (weapon)
Armour
 a - a +0 robe (worn)
Scrolls
 b - a scroll of amnesia {unknown}
 e - a scroll of summoning {unknown}
Potions
 c - a potion of degeneration {unknown}
 f - a potion of might {unknown}
 g - a potion of curing {unknown}


   Skills:
 + Level 1.6 Fighting
 - Level 2.1 Dodging
 - Level 1.7 Stealth
 + Level 2.6 Spellcasting
 * Level 5.6 Ice Magic


You had 6 spell levels left.
You knew the following spells:

 Your Spells              Type           Power      Damage    Failure   Level
a - Freeze                Ice            80%        1d9       1%          1

Your spell library contained the following spells:

 Spells                   Type           Power      Damage    Failure   Level
 Frozen Ramparts          Ice            40%        1d6       5%          3
 Ozocubu's Armour         Ice            20%        N/A       5%          3
 Hailstorm                Conj/Ice       11%        3d5       52%         4


Dungeon Overview and Level Annotations

Branches:
Dungeon (2/15)

Altars:


Innate Abilities, Weirdness & Mutations

You are amphibious.
You cover ground slowly.
You can hop short distances.
You have an extended range of vision and can be seen from far away.


Message History

The hobgoblin hits you.
You hit the hobgoblin.
The hobgoblin is severely wounded.
The hobgoblin completely misses you.
You barely miss the hobgoblin.
The hobgoblin is severely wounded.
The hobgoblin hits you.
You barely miss the hobgoblin.
The hobgoblin is severely wounded.
The hobgoblin hits you.
You hit the hobgoblin.
You kill the hobgoblin!
The jelly quivers.
An endoplasm comes into view.
Casting: Freeze (safe; 1% risk of failure)
Confirm with . or Enter, or press ? or * to list all spells.
Aiming: Freeze (safe; 1% risk of failure)
Press: ? - help, Shift-Dir - straight line, f - jelly
Aim: a jelly You freeze the jelly.
The jelly is moderately wounded.
The endoplasm quivers.
The jelly hits you.
You are splashed with acid!
Casting: Freeze (safe; 1% risk of failure)
Confirm with . or Enter, or press ? or * to list all spells.
Aiming: Freeze (safe; 1% risk of failure)
Press: ? - help, Shift-Dir - straight line, f/p - jelly
Aim: a jelly (moderately wounded)
You freeze the jelly.
The jelly is heavily wounded.
The jelly barely misses you.
Casting: Freeze (safe; 1% risk of failure)
Confirm with . or Enter, or press ? or * to list all spells.
Aiming: Freeze (safe; 1% risk of failure)
Press: ? - help, Shift-Dir - straight line, f/p - jelly
Aim: a jelly (heavily wounded)
You freeze the jelly.
The jelly is severely wounded.
The jelly hits you. The acid corrodes you!
You are splashed with acid!
You die...

..# ..##
J..###
####.#...
#.......
######.....#
#..........#
#......J...#
#......@...#
#..........#
#.....######
#.....#
#####.# #.#
#.#
###.#####+#
#.#
#......#...
#.#
#......#...


You could see a jelly and an endoplasm.

Vanquished Creatures
  2 worms (D:2)
  2 dart slugs
  3 ball pythons
  5 bats
  2 endoplasms
  6 goblins
  A hobgoblin (D:2)
  2 jackals (D:2)
  2 quokkas (D:1)
  2 frilled lizards
  A kobold (D:1)
  3 rats
31 creatures vanquished.

Notes
Turn   | Place    | Note
-------+----------+-------------------------------------------
     0 | D:1      | AarnesTheHuman the Barachi Ice Elementalist began the quest
                  | for the Orb.
     0 | D:1      | Reached XP level 1. HP: 13/13 MP: 3/3
    85 | D:1      | Reached skill level 5 in Ice Magic
   200 | D:1      | Reached XP level 2. HP: 20/20 MP: 1/5
   644 | D:1      | Reached skill level 1 in Fighting
   789 | D:1      | Found a faded altar of an unknown god.
  1270 | D:2      | Reached XP level 3. HP: 18/26 MP: 3/6
  1738 | D:2      | Splashed by a jelly's acid

Illustrated notes

Levels and vault maps discovered:
D:1:      dpeg_arrival_concentric_ovals, layout_loops_ring,
          shapermc_ecumenical_altar_acropolis
D:2:      layout_basic, uniq_robin

Skill      XL: |  1  2 |
---------------+-------+-----
Ice Magic      | 5 |  5.6
Fighting       | 1 |  1.6
Dodging        | |  2.1
Stealth        | |  1.7
Spellcasting   | |  2.6

Action                   || total
-------------------------++-------
Melee: Unarmed           ||     6
       Whip              ||    66
 Cast: Freeze            ||    38
 Stab: Sleeping          ||     3
       Distracted        ||     1
Armor: Robe              ||    15
Dodge: Dodged            ||    74

Table legend: (Time is in decaauts)
 A = Elapsed time spent in this place.
 B = Non-inter-level travel time spent in this place.
 C = Inter-level travel time spent in this place.
 D = Time resting spent in this place.
 E = Time spent auto-exploring this place.
 F = Levels seen in this place.
 G = Mean time per level.
                   A        B        C        D        E       F      G
               +--------+--------+--------+--------+--------+-----+--------+
         Total |   1898 |   1867 |     31 |    156 |   1456 |   2 |  949.0 |
       Dungeon |   1898 |   1867 |     31 |    156 |   1456 |   2 |  949.0 |
               +--------+--------+--------+--------+--------+-----+--------+

Top non-repeatable levels by time:
     D:1: 1282 daAuts
     D:2: 616 daAuts
